 Seeded DCSS version 0.28.0-45-g0d030f2227 (webtiles) character file.

Game seed: 17428681369516740799 (custom seed)

19531 NinjaNoafa the Prestidigitator (level 12, 0/101 HPs)
             Began as a Grey Draconian Ice Elementalist on Apr 18, 2022.
             Was a Priest of Ashenzari.
             Slain by a very large slime creature (17 damage)
             ... on level 12 of the Dungeon.
             The game lasted 00:50:01 (15999 turns).

NinjaNoafa the Prestidigitator (DrIE)              Turns: 15999, Time: 00:50:02

Health: 0/101      AC: 29    Str:  5    XL:     12   Next: 37%
Magic:  3/26       EV: 15    Int: 21    God:    Ashenzari [***...]
Gold:   619        SH:  0    Dex: 12    Spells: 11/31 levels left

rFire   x . .      SeeInvis +   o - staff of air (curse) {Cun, Bglg}
rCold   + + +      Faith    .   (no shield)
rNeg    . . .      Spirit   .   (armour unavailable)
rPois   .          Reflect  .   (helmet restricted)
rElec   +          Harm     .   O - +0 cloak of the Visionary Dogma {+Blink +Inv rC++ Str-5, Self, Elem} (curse)
rCorr   .          Rampage  .   f - +1 pair of gloves
Will    .....      Clarity  +   F - +2 pair of boots "Behold Eternity" {Fort, Cun} (curse)
Stlth   ++++......              E - amulet of the Wild Blue Yonder {Regen+, Elem, Self} (curse)
HPRegen 1.06/turn               b - +4 ring of slaying
MPRegen 0.20/turn               c - ring of ice

@: ice-armoured, freezing walls, studying Conjurations
A: AC +13, amphibious, unfitting armour, cold-blooded, stinger 1, noise
suppression
a: Renounce Religion, Evoke Blink, Evoke Invisibility, Shatter the Chains


You were on level 12 of the Dungeon.
You worshipped Ashenzari.
Ashenzari was most pleased with you.
You visited 2 branches of the dungeon, and saw 13 of its levels.

You collected 619 gold pieces.

Inventory:

Hand Weapons
 a - the +5 spear of the Hills {spect, rPois Str+4 Stlth+}
   (You found it on level 5 of the Dungeon)

   When its wielder attacks, the weapon's spirit leaps out and strikes again.
   The spirit shares a part of any damage it takes with its wielder.
   Str:       It affects your strength (+4).
   rPois:     It protects you from poison.
   Stlth:     It makes you more stealthy.
 k - a +1 dagger of venom
 w - a +3 vorpal spear
 y - a +6 vorpal flail
 I - a +0 mace
 L - a +1 vorpal shortbow
Missiles
 l - 271 stones
 n - 2 throwing nets
 q - 7 boomerangs
 z - 8 curare-tipped darts
 M - 51 arrows
Armour
 e - a +2 cloak
 f - a +1 pair of gloves (worn)
 x - a +0 pair of gloves
 A - a +0 pair of boots
 F - the cursed +2 pair of boots "Behold Eternity" (worn) {Fort, Cun}
   (You found it on level 7 of the Dungeon)

   It has a curse which improves the following skills: Fortitude: Shields.
   Cunning:   Dodging and Stealth.
 N - a +1 pair of boots
 O - the cursed +0 cloak of the Visionary Dogma (worn) {+Blink +Inv rC++ Str-5, Self, Elem}
   (You found it on level 11 of the Dungeon)

   Str:       It affects your strength (-5).
   rC:        It greatly protects you from cold.
   +Inv:      It lets you turn invisible.
   +Blink:    It lets you blink.
   It has a curse which improves the following skills: Introspection: Fighting
   and Spellcasting.
   Elements:  Fire Magic, Ice Magic, Air Magic and Earth Magic.
Magical Staves
 o - a cursed staff of air (weapon) {Cun, Bglg}
Jewellery
 b - a +4 ring of slaying (left hand)
 c - a ring of ice (right hand)
 h - an amulet of faith
 s - a ring of resist corrosion
 u - a ring of protection from fire
 E - the cursed amulet of the Wild Blue Yonder (around neck) {Regen+, Elem, Self}
   (You found it on level 6 of the Dungeon)

   [amulet of regeneration]

   Regen:     It increases your rate of health regeneration.
   It has a curse which improves the following skills: Elements: Fire Magic, Ice
   Magic, Air Magic and Earth Magic.
   Introspection: Fighting and Spellcasting.
Wands
 m - a wand of iceblast (8)
 t - a wand of digging (7)
 C - a wand of polymorph (8)
 G - a wand of paralysis (10)
 J - a wand of acid (6)
Scrolls
 d - 5 scrolls of teleportation
 i - 3 scrolls of amnesia
 j - 2 scrolls of magic mapping
 r - 4 scrolls of vulnerability
 B - 2 scrolls of identify
 D - a scroll of holy word
Potions
 g - 4 potions of lignification
 p - 2 potions of attraction
 v - a potion of curing
 H - 2 potions of haste
 K - a potion of ambrosia
 P - a potion of resistance


   Skills:
 - Level 5.5(8.0) Fighting
 - Level 5.7(8.1) Dodging
 - Level 5.7(8.1) Stealth
 + Level 7.5(10.0) Spellcasting
 + Level 6.2(7.9) Conjurations
 + Level 4.9(6.4) Hexes
 + Level 4.4 Transmutations
 + Level 1.2(2.7) Fire Magic
 + Level 7.0(9.5) Ice Magic
 + Level 6.0(8.5) Air Magic
 + Level 4.4 Poison Magic
 - Level 9.0 Evocations


You had 11 spell levels left.
You knew the following spells:

 Your Spells              Type           Power      Damage    Failure   Level
a - Freeze                Ice            100%       1d11      1%          1
b - Shock                 Conj/Air       100%       1d9       1%          1
c - Frozen Ramparts       Ice            100%       1d12      1%          3
d - Ozocubu's Armour      Ice            66%        N/A       1%          3
e - Swiftness             Air            62%        N/A       1%          3
f - Poisonous Vapours     Pois/Air       100%       N/A       1%          2
g - Sting                 Tmut/Pois      100%       1d8       1%          1
h - Searing Ray           Conj           86%        2d7       1%          2
i - Magic Dart            Conj           100%       1d8       1%          1
j - Static Discharge      Conj/Air       61%        N/A       1%          2
k - Slow                  Hex            100%       N/A       1%          1

Your spell library contained the following spells:

 Spells                   Type           Power      Damage    Failure   Level
 Confusing Touch          Hex            37%        N/A       1%          3
 Airstrike                Air            31%        N/A       1%          4
 Hailstorm                Conj/Ice       63%        3d13      1%          4
 Fulminant Prism          Conj/Hex       20%        3d13      3%          4
 Sticky Flame             Conj/Fire      33%        2d5       7%          4
 Olgreb's Toxic Radiance  Pois           29%        N/A       11%         4
 Vampiric Draining        Necr           10%        2d6       19%         3
 Dispel Undead            Necr           10%        3d9       54%         4


Dungeon Overview and Level Annotations

Branches:
Dungeon (12/15)            Temple (1/1) D:5            Lair (0/6) D:11
    Orc (0/2) D:9

Altars:
Ashenzari
Cheibriados
Dithmenos
Elyvilon
Fedhas
Gozag
Hepliaklqana
Kikubaaqudgha
Makhleb
Nemelex Xobeh
Okawaru
Qazlal
Ru
Sif Muna
Trog
Uskayaw
Vehumet
Wu Jian
Xom
Yredelemnul
Zin
The Shining One

Shops:
D:4 *:


Innate Abilities, Weirdness & Mutations

Your dull iron-grey scales are very hard. (AC +13)
You are amphibious.
You cannot fit into any form of body armour.
You are cold-blooded and may be slowed by cold attacks.
Your tail ends in a venomous barb.
You passively dampen the noise of your surroundings.


Message History

You feel a surge of power!
The slime creature is struck by an arc of lightning.
The slime creature is almost dead.
The very large slime creature is struck by an arc of lightning!
The very large slime creature is heavily wounded.
The slime creature is struck by an arc of lightning.
You kill the slime creature!
The very large slime creature is struck by an arc of lightning.
The very large slime creature is heavily wounded.
The lightning grounds out.
You hit the very large slime creature.
The very large slime creature is electrocuted.
The very large slime creature is heavily wounded.
Casting: Static Discharge (safe; 1% risk of failure)
Confirm with . or Enter, or press ? or * to list all spells.
You feel a surge of power!
The very large slime creature is struck by an arc of lightning.
The very large slime creature is severely wounded.
You resist.
You are struck by an arc of lightning.
The very large slime creature is struck by an arc of lightning.
The very large slime creature is severely wounded.
You resist.
You are struck by an arc of lightning.
The wall freezes the very large slime creature.
The very large slime creature hits you!!!
Casting: Static Discharge (safe; 1% risk of failure)
Confirm with . or Enter, or press ? or * to list all spells.
You feel a surge of power!
The very large slime creature is struck by an arc of lightning.
The very large slime creature is severely wounded.
You resist.
You are struck by an arc of lightning.
The very large slime creature is struck by an arc of lightning.
The very large slime creature is severely wounded.
You resist.
You are struck by an arc of lightning.
The wall freezes the very large slime creature!
The very large slime creature hits you!!!
* * * LOW HITPOINT WARNING * * *
You feel better.
The wall freezes the very large slime creature.
The very large slime creature hits you!
You die...

* ** * *####* * ,,, *,, ,, #..#,,
,# , , , ,#..# * , #.,, , , ,#..#
, , * ..#..###########..# ** +,
......J.)......'..#, , ,,
.......@.......#..#,, , ,
..#'############..####, ,
.....#......#..# , *,
#.....#......'..#.. ,
#.....#......#..#.. , * ,
.....#......#..#..
####+############...#####..#..#..
.....^..................####..#..
...........................#..#..


You could see a very large slime creature.

Vanquished Creatures
  Josephine (D:10)
  3 hydras
  4 two-headed ogres
  Sonja (D:11)
  An ugly thing (D:6)
  A cyclops (D:12)
  3 centaur zombies
  3 kobold demonologists (D:10)
  2 unseen horrors
  A komodo dragon (D:12)
  A troll (D:10)
  Prince Ribbit (D:5)
  A hornet (D:9)
  Grinder (D:3)
  A meliai zombie (D:10)
  7 slime creatures (D:12)
  A shadow (D:11)
  2 wyverns
  6 wraiths
  14 yaks
  Menkaure (D:5)
  An acid dragon (D:10)
  2 steam dragons
  Edmund (D:5)
  5 water moccasins
  5 orc warriors
  A sky beast (D:6)
  2 ice beasts
  A black bear (D:4)
  3 necrophages
  7 centaurs
  A kobold brigand (D:7)
  7 bullfrogs
  6 scorpions
  A gnoll sergeant (D:5)
  A wyvern zombie (D:7)
  7 killer bees (D:8)
  A howler monkey (D:9)
  3 wights (D:6)
  2 lava snakes (D:10)
  2 bullfrog zombies
  2 hounds
  A jelly (D:5)
  2 orc priests (D:8)
  2 bullfrog skeletons (D:5)
  A centaur skeleton (D:4)
  3 iguanas
  Ijyb (D:3)
  9 orc wizards
  2 killer bee zombies (D:7)
  A hound zombie (D:5)
  A hound skeleton (D:5)
  12 gnolls
  8 adders
  A shadow imp (D:6)
  5 white imps
  An ufetubus (D:5)
  2 dart slugs
  29 orcs
  2 bats
  6 endoplasms
  6 giant cockroaches
  4 goblins
  11 hobgoblins
  7 jackals
  16 kobolds
  A quokka (D:4)
  3 ball pythons
  A frilled lizard (D:2)
  8 rats
263 creatures vanquished.

Vanquished Creatures (others)
  55 fungi (D:11)
  47 plants (D:11)
102 creatures vanquished.

Grand Total: 365 creatures vanquished

Notes
Turn   | Place    | Note
-------+----------+-------------------------------------------
     0 | D:1      | NinjaNoafa the Draconian Ice Elementalist began the quest
                  | for the Orb.
     0 | D:1      | Reached XP level 1. HP: 14/14 MP: 3/3
   455 | D:1      | Found a faded altar of an unknown god.
   547 | D:1      | Reached XP level 2. HP: 20/20 MP: 3/5
  1027 | D:1      | Reached skill level 1 in Conjurations
  1027 | D:1      | Reached skill level 1 in Air Magic
  1027 | D:1      | Reached XP level 3. HP: 24/26 MP: 3/6
  1341 | D:2      | Found a radiant altar of Vehumet.
  2120 | D:3      | Noticed Ijyb
  2139 | D:3      | Killed Ijyb
  2140 | D:3      | Reached XP level 4. HP: 11/33 MP: 2/7
  2393 | D:3      | Noticed Grinder
  2394 | D:3      | Paralysed by Grinder for 3 turns
  2432 | D:3      | Paralysed by Grinder for 6 turns
  2441 | D:3      | Paralysed by Grinder for 2 turns
  2445 | D:3      | Killed Grinder
  2446 | D:3      | Reached XP level 5. HP: 5/38 MP: 2/9
  2446 | D:3      | Reached XP level 6. HP: 6/45 MP: 2/10
  2493 | D:3      | HP: 2/45 [poisoned by an adder]
  3024 | D:4      | Learned a level 1 spell: Shock
  3290 | D:4      | Found Zin's Purification Station.
  3297 | D:4      | Found a glowing silver altar of Zin.
  3557 | D:4      | Found Caixuon's Book Emporium.
  3569 | D:4      | Reached skill level 5 in Ice Magic
  3745 | D:4      | Your scales start taking on a dull iron-grey colour.
  3745 | D:4      | Reached XP level 7. HP: 24/50 MP: 8/12
  4366 | D:5      | Entered Level 5 of the Dungeon
  4841 | D:5      | Found a staircase to the Ecumenical Temple.
  4855 | Temple   | Entered the Ecumenical Temple
  4987 | Temple   | Became a worshipper of Ashenzari the Shackled
  5353 | D:5      | Reached XP level 8. HP: 46/57 MP: 8/14
  5436 | D:5      | Noticed Edmund
  5445 | D:5      | Killed Edmund
  5690 | D:5      | Learned a level 3 spell: Frozen Ramparts
  5692 | D:5      | Reached skill level 1 in Fighting
  5717 | D:5      | Identified the +5 spear of the Hills {spect, rPois Str+4
                  | Stlth+}
  5907 | D:5      | Noticed Prince Ribbit
  5932 | D:5      | Killed Prince Ribbit
  6196 | D:5      | Noticed Menkaure
  6203 | D:5      | Killed Menkaure
  6660 | D:6      | Reached skill level 5 in Spellcasting
  6660 | D:6      | Reached XP level 9. HP: 29/67 MP: 10/16
  6665 | D:6      | Learned a level 3 spell: Ozocubu's Armour
  7087 | D:6      | Reached skill level 1 in Evocations
  7104 | D:6      | Noticed a brown ugly thing
  7111 | D:6      | Killed a brown ugly thing
  7112 | D:6      | Reached skill level 2 in Evocations
  7153 | D:6      | Reached skill level 3 in Evocations
  7498 | D:6      | Learned a level 3 spell: Swiftness
  7913 | D:6      | Reached skill level 4 in Evocations
  7964 | D:6      | Killed an unseen horror
  7965 | D:6      | Reached skill level 5 in Fighting
  7965 | D:6      | Reached XP level 10. HP: 60/81 MP: 10/17
  7966 | D:6      | Reached skill level 5 in Stealth
  8573 | D:7      | Noticed an eight-headed hydra
  8821 | D:7      | Identified a scroll of acquirement
  8821 | D:7      | Acquired a staff of air
  9184 | D:7      | Reached skill level 5 in Conjurations
  9465 | D:7      | Killed an eight-headed hydra
  9466 | D:7      | Reached skill level 1 in Transmutations
  9466 | D:7      | Reached skill level 1 in Poison Magic
  9466 | D:7      | Reached skill level 5 in Evocations
  9822 | D:7      | Learned a level 2 spell: Poisonous Vapours
  9824 | D:7      | Learned a level 1 spell: Sting
 10616 | D:8      | Reached skill level 5 in Air Magic
 10940 | D:8      | Gained mutation: Your tail ends in a venomous barb. [potion
                  | of mutation]
 10940 | D:8      | Gained mutation: You passively dampen the noise of your
                  | surroundings. [potion of mutation]
 11071 | D:8      | Noticed a two-headed ogre
 11085 | D:8      | Killed a two-headed ogre
 11588 | D:9      | Found a staircase to the Orcish Mines.
 11861 | D:9      | Reached skill level 6 in Evocations
 12181 | D:9      | Noticed a two-headed ogre
 12188 | D:9      | Killed a two-headed ogre
 12189 | D:9      | Reached XP level 11. HP: 80/86 MP: 9/21
 12708 | D:10     | Entered Level 10 of the Dungeon
 12710 | D:10     | Noticed a sun demon
 12715 | D:10     | Noticed a sun demon
 12716 | D:10     | Noticed a sun demon
 12913 | D:10     | Reached * piety under Ashenzari
 12985 | D:10     | Learned a level 2 spell: Searing Ray
 12987 | D:10     | Learned a level 1 spell: Magic Dart
 13006 | D:10     | Noticed Josephine
 13261 | D:10     | Learned a level 2 spell: Static Discharge
 13298 | D:10     | Reached skill level 5 in Dodging
 13298 | D:10     | Killed Josephine
 13299 | D:10     | Reached skill level 1 in Hexes
 13778 | D:11     | Noticed Sonja
 13790 | D:11     | Killed Sonja
 13791 | D:11     | Reached skill level 7 in Evocations
 13887 | D:11     | Identified the +0 cloak of the Sailor {+Blink +Inv rC++
                  | Str-5}
 13913 | D:11     | Reached ** piety under Ashenzari
 14142 | D:11     | Noticed a four-headed hydra
 14172 | D:11     | Killed a four-headed hydra
 14357 | D:11     | Reached skill level 8 in Evocations
 14362 | D:11     | Found a staircase to the Lair.
 14399 | D:11     | Learned a level 1 spell: Slow
 14482 | D:11     | Noticed a two-headed ogre
 14498 | D:11     | Killed a two-headed ogre
 14499 | D:11     | Reached XP level 12. HP: 69/100 MP: 9/24
 14509 | D:11     | Noticed a two-headed ogre
 14521 | D:11     | Killed a two-headed ogre
 14557 | D:11     | Reached skill level 9 in Evocations
 15074 | D:11     | Reached *** piety under Ashenzari
 15118 | D:11     | Noticed a four-headed hydra
 15135 | D:11     | Killed a four-headed hydra
 15751 | D:12     | Reached skill level 1 in Fire Magic
 15999 | D:12     | Slain by a very large slime creature

Illustrated notes

Levels and vault maps discovered:
D:1:      dpeg_arrival_radiant, layout_basic, shapermc_ecumenical_altar_gd,
          minmay_misc_feat_rugged, minmay_misc_feat_doors
D:2:      layout_basic, basic_altar
D:3:      layout_rooms, uniq_grinder, uniq_ijyb
D:4:      layout_loops_ring, zin_purify, serial_shops, nicolae_take_the_stairs
D:5:      layout_loops_corners, temple_statues, minmay_starry_boxes,
          uniq_prince_ribbit1, uniq_menkaure, uniq_edmund
D:6:      layout_loops_ring, hangedman_minor_gate_pass
D:7:      layout_loops_corners, enter_bailey_1
D:8:      layout_basic
D:9:      layout_stronghold, orc_0_dummy
D:10:     layout_gridville, kennysheep_generic_room_16, uniq_josephine
D:11:     layout_cave_pods, due_lair_maze_entry_diamond, uniq_sonja
D:12:     layout_grid_maze
Temple:   mainiacjoe_temple_trianglar_array

Skill      XL: |  1  2  3  4  5  6  7  8  9 10 11 12 |
---------------+-------------------------------------+-----
Dodging        | 2 3 4 5 |  5.7
Conjurations   | 1 2 3 4 5 6 |  6.2
Air Magic      | 1 3 4 5 6 |  6.0
Spellcasting   | 3 4 5 6 7 |  7.5
Ice Magic      | 5 6 7 |  7.0
Fighting       | 2 5 |  5.5
Stealth        | 4 5 |  5.7
Evocations     | 4 6 8 9 |  9.0
Transmutations | 3 4 |  4.4
Poison Magic   | 3 4 |  4.4
Hexes          | 3 4 |  4.9
Fire Magic     | 1 |  1.2

Action                   |  1- 3 |  4- 6 |  7- 9 | 10-12 || total
-------------------------+-------+-------+-------+-------++-------
Melee: Unarmed           |     2 |       |       |       ||     2
       Dagger            |     4 |    17 |    38 |       ||    59
       Tailslap          |     1 |     2 |    23 |    25 ||    51
       Spear             |       |       |    80 |     7 ||    87
       Punch             |       |       |     3 |     2 ||     5
       Flail             |       |       |    11 |       ||    11
       Staff             |       |       |       |   131 ||   131
Throw: Boomerang         |       |    18 |     5 |       ||    23
 Cast: Freeze            |    60 |    33 |    41 |    57 ||   191
       Shock             |       |    12 |    71 |   103 ||   186
       Frozen Ramparts   |       |       |    12 |    22 ||    34
       Ozocubu's Armour  |       |       |     1 |     6 ||     7
       Swiftness         |       |       |     1 |     3 ||     4
       Poisonous Vapours |       |       |       |    31 ||    31
       Sting             |       |       |       |    19 ||    19
       Static Discharge  |       |       |       |    30 ||    30
       Magic Dart        |       |       |       |    12 ||    12
       Searing Ray       |       |       |       |    26 ||    26
       Slow              |       |       |       |     5 ||     5
Invok: Curse Item        |       |       |       |     4 ||     4
Evoke: Wand              |       |     4 |     1 |     4 ||     9
  Use: Potion            |       |     4 |     5 |     7 ||    16
       Scroll            |       |     1 |       |    18 ||    19
 Stab: Sleeping          |     1 |       |     5 |     2 ||     8
Armor: Skin              |    19 |    26 |   112 |   271 ||   428
Dodge: Dodged            |    34 |    34 |   161 |   367 ||   596
